Selects Luftwaffe Battlegroup
Selects Luftwaffe Pioneer Support
Fallschirmpioneer Squad Paradrop
Fallschirmpioneer Squad Paradrop
Construct Infanterie Kompanie
Construct Luftwaffe Kompanie
Selects Stuka Strafing Run
Selects Fallschirmjäger Squad Paradrop
Construct Panzergrenadier Kompanie
Selects Fragmentation Bombs
Selects Flak 38 Anti-Air Emplacement
Pak 40 Anti-tank Gun Team
Pak 40 Anti-tank Gun Team
Nebelwerfer 42 Rocket Launcher Team
Pak 40 Anti-tank Gun Team
Pak 40 Anti-tank Gun Team
Nebelwerfer 42 Rocket Launcher Team